 Dungeon Crawl Stone Soup version 0.27-a0-1312-g5cdb2b3542 (webtiles) character file.

Game seed: 8594845777662999878

8421 Delamore the Spear-Bearer (level 11, 0/83 HPs)
             Began as a Formicid Fighter on June 19, 2021.
             Was an Initiate of Gozag.
             Slain by a two-headed ogre (26 damage)
             ... on level 11 of the Dungeon.
             The game lasted 00:09:17 (11268 turns).

Delamore the Spear-Bearer (Formicid Fighter)       Turns: 11268, Time: 00:09:18

Health: 0/83       AC: 12    Str: 30    XL:     11   Next: 55%
Magic:  11/11      EV:  8    Int:  8    God:    Gozag
Gold:   895        SH: 11    Dex: 10    Spells: 10/10 levels left

rFire    . . .     SeeInvis +   w - +0 trident (venom)
rCold    . . .     Faith    .   c - +0 kite shield
rNeg     . . .     Spirit   .   h - +0 chain mail
rPois    .         Reflect  .   (helmet unavailable)
rElec    .         Harm     .   (no cloak)
rCorr    +         Rampage  .   y - +0 pair of gloves
Will     +....                  f - +0 pair of boots
Stlth    ..........             (no amulet)
HPRegen  0.23/turn              m - +6 ring of strength
MPRegen  0.12/turn              t - ring of resist corrosion

@: no status effects
A: permanent stasis, dig shafts and tunnels, antennae 3, four strong arms
a: Dig, Shaft Self, Renounce Religion, Potion Petition, Call Merchant, Bribe
Branch


You were on level 11 of the Dungeon.
You worshipped Gozag.
Gozag was pleased with you.
You visited 2 branches of the dungeon, and saw 12 of its levels.

You collected 1019 gold pieces.
You paid 124 gold pieces to Gozag.

Inventory:

Hand Weapons
 a - a +1 trident
 w - a +0 trident of venom (weapon)
Missiles
 e - 3 curare-tipped darts (quivered)
 g - 50 poisoned darts
 l - 12 boomerangs
Armour
 b - a +0 scale mail
 c - a +0 kite shield (worn)
 f - a +0 pair of boots (worn)
 h - a +0 chain mail (worn)
 y - a +0 pair of gloves (worn)
Jewellery
 m - a +6 ring of strength (left hand)
 t - a ring of resist corrosion (right hand)
 B - a ring of protection from cold
Wands
 n - a wand of charming (9)
 o - a wand of paralysis (21)
 z - a wand of flame (19)
 G - a wand of mindburst (12)
Scrolls
 p - 4 scrolls of fear
 r - 2 scrolls of enchant weapon
 u - 2 scrolls of magic mapping
 C - 6 scrolls of teleportation
 E - a scroll of silence
Potions
 d - 2 potions of might
 i - 6 potions of curing
 j - 2 potions of resistance
 k - a potion of cancellation
 q - a potion of magic
 s - 3 potions of haste
 v - a potion of heal wounds
 x - 3 potions of berserk rage
 A - a potion of brilliance
 D - 2 potions of attraction
 H - a potion of mutation


   Skills:
 + Level 6.8 Fighting
 - Level 14.0 Polearms
 + Level 4.0 Throwing
 + Level 5.6 Armour
 - Level 7.0 Shields


You had 10 spell levels left.
You didn't know any spells.
Your spell library contained the following spells:

 Spells                   Type           Power      Damage    Failure   Level
 Summon Guardian Golem    Hex/Summ       0%         N/A       100%        3
 Dragon's Call            Summ           0%         N/A       100%        9


Dungeon Overview and Level Annotations

Branches:
Dungeon (11/15)            Temple (1/1) D:6            Lair (0/6) D:11
    Orc (0/2) D:11

Altars:
Cheibriados
Dithmenos
Elyvilon
Fedhas
Gozag
Hepliaklqana
Kikubaaqudgha
Okawaru
Ru
Sif Muna
Uskayaw
Vehumet
Yredelemnul


Innate Abilities, Weirdness & Mutations

You cannot be hasted, slowed, berserked, paralysed or teleported.
You can dig through walls and to a lower floor.
You have a pair of large antennae on your head. (SInv)
Your four strong arms can wield two-handed weapons with a shield.


Message History

You barely miss the two-headed ogre.
The two-headed ogre is heavily wounded.
The yak is no longer distracted by gold.
The two-headed ogre closely misses you.
The two-headed ogre hits you with a +0 giant club!!
You are too injured to fight recklessly!
You are too injured to fight recklessly!
You are too injured to fight recklessly!
You are too injured to fight recklessly!
You are too injured to fight recklessly!
You are too injured to fight recklessly!
You are too injured to fight recklessly!
You are too injured to fight recklessly!
You are too injured to fight recklessly!
You are too injured to fight recklessly!
You are too injured to fight recklessly!
You are too injured to fight recklessly!
You are too injured to fight recklessly!
You are too injured to fight recklessly!
You are too injured to fight recklessly!
You are too injured to fight recklessly!
You are too injured to fight recklessly!
You hit the two-headed ogre.
The two-headed ogre looks as sick as possible!
The two-headed ogre is heavily wounded.
You puncture the two-headed ogre!
The two-headed ogre looks as sick as possible!
The two-headed ogre is heavily wounded.
You block the two-headed ogre's attack.
The two-headed ogre hits you with a +0 giant club.
* * * LOW HITPOINT WARNING * * *
You extend your mandibles.
You dig through the rock wall.
You dig through the rock wall.
You dig through the rock wall.
You dig through the rock wall.
You retract your mandibles.
The two-headed ogre hits you with a +0 giant club!!
You die...
Your body crumbles into a pile of gold.

,,,,,,,............|..........≈*,
,,,,,,,..................#....≈*,
,,,,,,,.......................≈*,
*,,,,,,...#..(.............#.,≈**
*,,,,,,,^#.......##.###..###*,≈≈≈
*,,,,,,,*##....<..####....#**,,,,
,,,,,,,***##..#...# #YY..##*,,,*,
,,,,*,,,,**###...## ##.Y..#**,***
*,,,*,,,,,* #..@####Y##..#*,,,*,
*,,,,*,*,** ##..OY.Y##*...#*,***
,,,,,,**** ######## *#.##*** *
,,,,,,** *## ,,,,,,,* ,,,,*,**
,,,,*,****** ,,,,,,,*,,,**
,,,,,,,,,,,,**


You could see a two-headed ogre (extremely poisoned) and 2 yaks.

Vanquished Creatures
  6 two-headed ogres
  Maggie (D:6)
  A komodo dragon (D:11)
  2 tengu conjurers (D:10)
  A troll (D:10)
  Eustachio (D:4)
  2 vampire mosquitoes (D:11)
  A sky beast (D:6)
  A black bear (D:6)
  2 necrophages (D:2)
  3 ogres
  A centaur (D:10)
  A phantom (D:7)
  A scorpion (D:4)
  3 bullfrogs (D:8)
  A gnoll sergeant (D:10)
  7 killer bees
  9 wights (D:7)
  4 howler monkeys
  2 electric eels (D:9)
  A bullfrog zombie (D:5)
  6 centaur zombies
  A bullfrog skeleton (D:7)
  3 hounds
  An orc priest (D:5)
  2 centaur skeletons
  2 iguanas
  2 orc wizards
  A hound zombie (D:5)
  A hound skeleton (D:4)
  6 adders
  11 gnolls
  A shadow imp (D:7)
  A white imp (D:7)
  An ufetubus (D:4)
  2 worms (D:2)
  5 dart slugs
  11 orcs
  9 ball pythons
  9 endoplasms
  7 giant cockroaches
  7 goblins
  11 hobgoblins
  6 jackals (D:1)
  3 quokkas
  5 bats
  7 frilled lizards
  3 kobolds
  2 rats
177 creatures vanquished.

Vanquished Creatures (others)
  2 fungi
  32 plants
  6 toadstools (D:4)
40 creatures vanquished.

Grand Total: 217 creatures vanquished

Notes
Turn   | Place    | Note
-------+----------+-------------------------------------------
     0 | D:1      | Delamore the Formicid Fighter began the quest for the Orb.
     0 | D:1      | Reached XP level 1. HP: 18/18 MP: 1/1
   129 | D:1      | Reached XP level 2. HP: 24/24 MP: 2/2
   258 | D:1      | Reached XP level 3. HP: 20/30 MP: 3/3
   423 | D:1      | Reached skill level 3 in Polearms
  1036 | D:2      | Reached XP level 4. HP: 32/37 MP: 4/4
  1534 | D:2      | Noticed a necrophage
  1535 | D:2      | Noticed a necrophage
  1552 | D:2      | Killed a necrophage
  1553 | D:2      | Reached skill level 4 in Polearms
  1553 | D:2      | Reached XP level 5. HP: 43/43 MP: 5/5
  1567 | D:2      | Killed a necrophage
  1568 | D:2      | Reached skill level 5 in Polearms
  1568 | D:2      | Reached XP level 6. HP: 48/50 MP: 6/6
  1637 | D:2      | Reached skill level 5 in Fighting
  2415 | D:3      | Found a shadowy altar of Dithmenos.
  2877 | D:3      | Found a faded altar of an unknown god.
  2933 | D:4      | Reached skill level 6 in Polearms
  2933 | D:4      | Reached XP level 7. HP: 55/56 MP: 7/7
  3070 | D:4      | Found a snail-covered altar of Cheibriados.
  3113 | D:4      | Noticed Eustachio
  3138 | D:5      | Entered Level 5 of the Dungeon
  3676 | D:4      | Killed Eustachio
  3764 | D:4      | Found a sacrificial altar of Ru.
  4078 | D:4      | Reached skill level 7 in Polearms
  4265 | D:5      | Reached skill level 5 in Shields
  4265 | D:5      | Reached XP level 8. HP: 62/62 MP: 8/8
  5370 | D:6      | You fall into a shaft and drop 1 floor!
  5370 | D:7      | Noticed a two-headed ogre
  5376 | D:7      | Killed a two-headed ogre
  5377 | D:7      | Reached skill level 9 in Polearms
  5377 | D:7      | Reached XP level 9. HP: 68/68 MP: 9/9
  5401 | D:6      | Noticed Maggie
  5421 | D:6      | Killed Maggie
  5422 | D:6      | Reached skill level 10 in Polearms
  5838 | D:6      | Identified the +3 chain mail of Bad Feelings {Harm +Inv
                  | Will- Str+7}
  6097 | D:6      | Found a staircase to the Ecumenical Temple.
  6285 | Temple   | Entered the Ecumenical Temple
  6371 | Temple   | Became a worshipper of Gozag Ym Sagoz the Greedy
  6969 | D:7      | Reached skill level 11 in Polearms
  7248 | D:7      | Reached XP level 10. HP: 64/74 MP: 10/10
  7876 | D:8      | Noticed a two-headed ogre
  7919 | D:8      | Killed a two-headed ogre
  7920 | D:8      | Reached skill level 12 in Polearms
  8523 | D:9      | Noticed a two-headed ogre
  8529 | D:9      | Killed a two-headed ogre
  8530 | D:9      | Reached skill level 13 in Polearms
  8530 | D:9      | Noticed a two-headed ogre
  8540 | D:9      | Killed a two-headed ogre
  9211 | D:9      | Found a basalt altar of Yredelemnul.
  9286 | D:9      | Found a white marble altar of Elyvilon.
  9384 | D:9      | Noticed a two-headed ogre
  9425 | D:9      | Killed a two-headed ogre
  9426 | D:9      | Reached skill level 14 in Polearms
  9426 | D:9      | Reached skill level 1 in Throwing
  9426 | D:9      | Reached XP level 11. HP: 56/80 MP: 11/11
  9656 | D:10     | Entered Level 10 of the Dungeon
 10514 | D:10     | Identified Dispater's Handbook of Creation
 10603 | D:10     | Found a hide-covered altar of Uskayaw.
 10604 | D:10     | Found a hazy altar of Hepliaklqana.
 10837 | D:10     | Noticed a two-headed ogre
 10845 | D:10     | Killed a two-headed ogre
 10846 | D:10     | Reached skill level 5 in Armour
 11234 | D:11     | Noticed a two-headed ogre
 11268 | D:11     | Slain by a two-headed ogre

Illustrated notes

Levels and vault maps discovered:
D:1:      mrwooster_arrival_statue, layout_loops_ring
D:2:      kb_forest_paths, layout_basic, minmay_divided_ellipse
D:3:      layout_loops_ring, lemuel_doored_altar,
          shapermc_ecumenical_altar_mp_urbaneastern, serial_glass,
          glass_columns_b, glass_columns_c
D:4:      layout_cave_pools, kennysheep_slug_shrine, kennysheep_little_box,
          grunt_ministairs_11, minmay_gold_behind_fungi, st_stairs_1,
          uniq_eustachio
D:5:      layout_basic
D:6:      layout_basic, temple_fountains, uniq_maggie
D:7:      layout_basic
D:8:      layout_rooms
D:9:      layout_loops_ring, kennysheep_ying_yang, serial_bayou,
          serial_bayou_crossing, serial_bayou_pond_c, serial_bayou_ford_a,
          serial_bayou_pond_e, serial_bayou_lagoon_a, serial_bayou_pond_d
D:10:     layout_basic, gammafunk_temple_overflow_statue,
          minmay_misc_feat_diagonals
D:11:     layout_cross, due_lair_maze_entry_diamond, enter_bailey_3
Temple:   regret_index_temple_generic_petals

Skill      XL: |  1  2  3  4  5  6  7  8  9 10 11 |
---------------+----------------------------------+-----
Polearms       | 3 4 5 6 7 9 11 14 | 14.0
Fighting       | 4 5 6 |  6.8
Shields        | 5 7 |  7.0
Throwing       | 1 4 |  4.0
Armour         | 5 |  5.6

Action                   |  1- 3 |  4- 6 |  7- 9 | 10-12 || total
-------------------------+-------+-------+-------+-------++-------
Melee: Trident           |    95 |   137 |   307 |   236 ||   775
Throw: Dart              |       |       |    13 |    14 ||    27
 Abil: Dig               |       |     1 |     1 |     6 ||     8
Evoke: Wand              |       |       |     2 |       ||     2
  Use: Scroll            |     1 |     3 |    11 |     5 ||    20
 Stab: Distracted        |     1 |       |       |       ||     1
       Paralysed         |       |       |     4 |       ||     4
Armor: Scale mail        |    29 |       |       |       ||    29
       Chain mail        |    14 |    59 |   119 |    77 ||   269
Dodge: Dodged            |    22 |    25 |    66 |    41 ||   154
Block: Kite shield       |    33 |    46 |   130 |   101 ||   310

Table legend: (Time is in decaauts)
 A = Elapsed time spent in this place.
 B = Non-inter-level travel time spent in this place.
 C = Inter-level travel time spent in this place.
 D = Time resting spent in this place.
 E = Time spent auto-exploring this place.
 F = Levels seen in this place.
 G = Mean time per level.
                   A        B        C        D        E       F      G
               +--------+--------+--------+--------+--------+-----+--------+
         Total |  11283 |  10928 |    355 |   1529 |   7856 |  12 |  940.2 |
       Dungeon |  11174 |  10849 |    325 |   1529 |   7780 |  11 | 1015.8 |
        Temple |    108 |     78 |     30 |      0 |     76 |   1 |  108.0 |
               +--------+--------+--------+--------+--------+-----+--------+

Top non-repeatable levels by time:
     D:5: 1629 daAuts
    D:10: 1506 daAuts
     D:2: 1491 daAuts
     D:9: 1288 daAuts
     D:6: 1195 daAuts
     D:7: 1050 daAuts
     D:4: 829 daAuts
     D:1: 783 daAuts
     D:3: 701 daAuts
     D:8: 639 daAuts
  Temple: 108 daAuts
    D:11: 60 daAuts
